 Dungeon Crawl Stone Soup version 0.19.5 (webtiles) character file.

497 Azzok the Archer (level 6, 0/48 HPs)
             Began as a Centaur Hunter on May 29, 2017.
             Killed from afar by an orc wizard (8 damage)
             ... with a puff of frost
             ... on level 3 of the Dungeon.
             The game lasted 00:08:34 (4636 turns).

Azzok the Archer (Centaur Hunter)                   Turns: 4636, Time: 00:08:34

Health: 0/48       AC:  6    Str: 17    XL:     6   Next: 93%
Magic:  6/6        EV:  8    Int: 10    God:
Gold:   115        SH:  0    Dex:  9    Spells: 0 memorised, 5 levels left

rFire  + . .     SeeInvis .     a - +1 shortbow
rCold  . . .     Gourm    .     o - +1 ring mail
rNeg   . . .     Faith    .     (shield currently unavailable)
rPois  .         Spirit   .     (no helmet)
rElec  .         Reflect  .     (no cloak)
rCorr  .         Harm     .     (no gloves)
MR     .....                    (no barding)
Stlth  ..........               (no amulet)
                                (no ring)
                                m - ring of protection from fire

@: very quick
A: hooves 3, deformed body, speed 2, tough skin 3
a: no special abilities


You were on level 3 of the Dungeon.
You were hungry.

You visited 1 branch of the dungeon, and saw 4 of its levels.

You collected 115 gold pieces.

Inventory:

Hand Weapons
 a - a +1 shortbow (weapon)
 b - a +5 mace
Missiles
 d - 2 arrows (quivered)
Armour
 o - a +1 ring mail (worn)
Jewellery
 m - a ring of protection from fire (left hand)
Wands
 u - a wand of teleportation (4/9)
Scrolls
 c - a scroll of fog {unknown}
 g - 2 scrolls of fear
 h - 2 scrolls of enchant armour
 k - 2 scrolls of recharging {unknown}
 l - a scroll of blinking
 r - a scroll of magic mapping {unknown}
 t - 3 scrolls of identify
 x - a scroll of immolation {unknown}
Potions
 e - a potion of curing
 i - 2 potions of flight {unknown}
 j - 3 potions of degeneration {unknown}
 n - a potion of resistance {unknown}
 q - a potion of agility {unknown}
 s - a potion of mutation {unknown}
 w - a potion of invisibility {unknown}
Books
 v - a book of Misfortune

   Spells                             Type                      Level
   a - Confusing Touch                Hexes                        1
   b - Confuse                        Hexes                        3
   c - Gell's Gravitas                Hexes/Translocation          3
   d - Petrify                        Transmutation/Earth          4
   e - Metabolic Englaciation         Hexes/Ice                    5
   f - Yara's Violent Unravelling     Hexes/Transmutation          5
Comestibles
 f - 3 bread rations {@e1}
 p - 2 fruits


   Skills:
 - Level 2.0 Fighting
 * Level 10.8 Bows
 - Level 1.3 Dodging
 - Level 0.4 Stealth


You had 5 spell levels left.
You didn't know any spells.

Dungeon Overview and Level Annotations

Branches:
Dungeon (4/15)
 Temple: D:4-7

Altars:

Annotations:
D:4 Dowan, Duvessa


Innate Abilities, Weirdness & Mutations

You have hooves in place of feet.
Armour fits poorly on your strangely shaped body.
You cover ground very quickly.
You have extremely tough skin. (AC +3)


Message History

Press: ? - help, Shift-Dir - straight line, f - you Really target yourself? [Y]es or [N]o only, please.
Really target yourself? [Y]es or [N]o only, please.
Really target yourself?
Okay, then.
You hear some strange, mumbled words.
A puff of frost appears from out of thin air!
The puff of frost hits you!
You take 7 damage, and have 20/48 hp.
A puff of frost appears from out of thin air!
The puff of frost hits you!
* * * LOW HITPOINT WARNING * * *
You take 12 damage, and have 8/48 hp.
MASSIVE DAMAGE!!
A puff of frost appears from out of thin air!
The puff of frost hits you!
A puff of frost appears from out of thin air!
The puff of frost hits you!
You die...

▒·▒▒▒▒▒▒▒▒▒▒▒·▒▒▒▒▒·▒▒
▒·····················
▒·▒▒▒▒▒▒▒▒▒▒▒·▒▒▒▒▒·▒▒ ▒▒▒
▒···············▒ ▒·▒▒
▒▒▒'▒▒▒··▒▒▒▒▒▒▒▒▒▒·▒▒▒▒▒···
▒····▒▒··▒▒············<····
▒····▒▒··▒▒▒▒▒▒▒▒▒▒·▒▒··▒···
▒▒▒▒▒▒····▒▒··▒▒▒▒▒▒▒▒▒▒·▒▒··▒···
················@················
▒▒▒▒▒▒·▒·▒▒▒··▒▒·▒▒▒▒▒▒··▒▒··▒···
▒▒·······························
··············▒▒·▒▒▒▒▒▒··▒▒··▒···
····▒▒·▒·▒▒▒▒·▒▒·▒···············
·▒··▒▒·▒·▒▒▒▒·▒▒·▒▒▒▒▒▒··▒▒··▒···
·▒·······························
▒▒···▒·▒·▒▒▒▒▒▒▒·▒·▒▒▒▒··········
▒···▒·▒·▒·▒▒▒▒·············▒▒···


There were no monsters in sight!

Vanquished Creatures
  Edmund (D:4)
  An ogre (D:4)
  A howler monkey (D:3)
  A hound (D:3)
  2 orc wizards
  Ijyb (D:2)
  A worker ant zombie (D:4)
  6 adders
  2 oozes
  A worm (D:2)
  3 dart slugs
  3 leopard geckos
  6 orcs
  12 bats
  5 giant cockroaches
  A goblin (D:3)
  5 hobgoblins
  10 jackals
  4 ball pythons (D:2)
  4 frilled lizards
  5 kobolds
  5 rats
80 creatures vanquished.

Notes
Turn   | Place    | Note
-------+----------+-------------------------------------------
     0 | D:1      | Azzok the Centaur Hunter began the quest for the Orb.
     0 | D:1      | Reached XP level 1. HP: 17/17 MP: 1/1
   272 | D:1      | Reached XP level 2. HP: 24/24 MP: 2/2
   299 | D:1      | Reached skill level 6 in Bows
  1081 | D:2      | Reached XP level 3. HP: 8/29 MP: 3/3
  1479 | D:2      | Reached skill level 7 in Bows
  1540 | D:2      | Noticed Ijyb
  1556 | D:2      | Killed Ijyb
  1556 | D:2      | Reached XP level 4. HP: 30/36 MP: 4/4
  1963 | D:2      | Reached skill level 8 in Bows
  2890 | D:3      | Reached XP level 5. HP: 24/41 MP: 5/5
  4007 | D:4      | Noticed an ogre
  4015 | D:3      | Reached skill level 9 in Bows
  4281 | D:4      | Noticed Duvessa
  4281 | D:4      | Noticed Dowan
  4453 | D:4      | Killed an ogre
  4453 | D:4      | Reached XP level 6. HP: 48/48 MP: 6/6
  4494 | D:4      | Noticed Edmund
  4537 | D:4      | Killed Edmund
  4537 | D:4      | Reached skill level 10 in Bows
  4636 | D:3      | Killed from afar by an orc wizard

Skill      XL: |  1  2  3  4  5  6 |
---------------+-------------------+-----
Bows           | 6 7 8 9 10 | 10.8
Fighting       | |  2.0
Dodging        | |  1.3
Stealth        | |  0.4

Action                   |  1- 3 |  4- 6 || total
-------------------------+-------+-------++-------
Melee: Short sword       |    83 |       ||    83
       Kick              |    11 |    24 ||    35
       Mace              |    17 |   146 ||   163
 Fire: Shortbow          |       |    43 ||    43
  Use: Scroll            |     5 |       ||     5
       Potion            |       |     1 ||     1
  Eat: Chunk             |     1 |     7 ||     8
       Fruit             |       |     1 ||     1
Armor: Leather armour    |    27 |       ||    27
       Ring mail         |    42 |    83 ||   125
Dodge: Dodged            |    69 |    83 ||   152
Block: Buckler           |       |     1 ||     1
